 Dungeon Crawl Stone Soup version 0.19.1 (webtiles) character file.

29344 Ladykiller69 the Fencer (level 13, -8/100 HPs)
             Began as a Minotaur Abyssal Knight on Dec 7, 2016.
             Was a High Priest of Lugonu.
             Shot with an arrow by Nessos (18 damage)
             ... on level 5 of the Lair of Beasts.
             The game lasted 01:09:25 (19377 turns).

Ladykiller69 the Fencer (Minotaur Abyssal Knight)  Turns: 19377, Time: 01:09:26

Health: -8/100     AC: 13    Str: 19    XL:     13   Next: 14%
Magic:  18/18      EV: 22    Int:  9    God:    Lugonu [*****.]
Gold:   1057       SH:  0    Dex: 13    Spells: 0 memorised, 12 levels left

rFire  + . .     SeeInvis .     y - +8 shortbow of Zin {venom, rElec rPois MR+}
rCold  x . .     Gourm    .     W - +0 steam dragon scales
rNeg   . . .     Faith    .     (shield currently unavailable)
rPois  +         Spirit   .     (helmet restricted)
rElec  +         Reflect  .     V - +0 cloak
rCorr  .         Harm     .     L - +2 pair of gloves
MR     +....                    w - +0 pair of boots
Stlth  +.........               M - amulet of rage
                                T - +3 ring of evasion
                                S - ring of fire

@: lethally poisoned (-8 -> -14), about to teleport
A: retaliatory headbutt, horns 2, blink, low mp 1, poison resistance
a: Blink, Depart the Abyss, Bend Space, Banish, Corrupt, Enter the Abyss,
Renounce Religion, Evoke Berserk Rage


You were on level 5 of the Lair of Beasts.
You worshipped Lugonu.
Lugonu was extremely pleased with you.
You were not hungry.

You visited 3 branches of the dungeon, and saw 18 of its levels.
You visited the Abyss 1 time.

You collected 1057 gold pieces.

Inventory:

Hand Weapons
 a - a +6 scimitar
 q - a +2 dagger of venom
 y - the +8 shortbow of Zin (weapon) {venom, rElec rPois MR+}
   (You acquired it on level 10 of the Dungeon)

   It poisons the ammo it fires.
   It insulates you from electricity.
   It protects you from poison.
   It affects your resistance to hostile enchantments.
Missiles
 k - 2 throwing nets
 p - 188 arrows (quivered)
 B - 90 bolts
 D - 8 tomahawks
 F - 7 javelins
 N - 4 tomahawks of returning
 Y - 3 tomahawks of dispersal
Armour
 w - a +0 pair of boots (worn)
 L - a +2 pair of gloves (worn)
 V - a +0 cloak (worn)
 W - +0 steam dragon scales (worn)
Jewellery
 h - an uncursed ring of ice
 r - an uncursed ring of ice
 u - an uncursed ring of see invisible
 M - an amulet of rage (around neck)
 S - a ring of fire (left hand)
 T - a +3 ring of evasion (right hand)
Wands
 f - a wand of acid (15/15)
 v - a wand of digging (12/24)
 z - a wand of confusion (26/48)
 E - a wand of disintegration (14/24)
 G - a wand of digging (15/24)
 H - a wand of iceblast (8/15)
 O - a wand of iceblast (5/15)
 Z - a wand of iceblast (5/15)
Scrolls
 e - 7 scrolls of fear
 g - 3 scrolls of magic mapping
 j - 2 scrolls of enchant armour
 n - 3 scrolls of amnesia
 s - 4 scrolls of identify
 x - 2 scrolls of blinking
 K - a scroll of teleportation
 P - 3 scrolls of remove curse
 Q - a scroll of enchant weapon
Potions
 b - 2 potions of magic
 i - 6 potions of invisibility
 l - 6 potions of might
 m - 4 potions of heal wounds
 o - 4 potions of curing
 t - 4 potions of agility
 C - a potion of resistance
 I - a potion of flight
 J - a potion of berserk rage
 R - 2 potions of cure mutation
 X - 2 potions of brilliance
Miscellaneous
 d - a sack of spiders
Comestibles
 c - 14 bread rations
 A - 3 meat rations
 U - 14 fruits


   Skills:
 - Level 5.0 Fighting
 * Level 17.1 Long Blades
 - Level 9.1 Armour
 + Level 11.2 Dodging
 + Level 10.8 Invocations


You had 12 spell levels left.
You didn't know any spells.

Dungeon Overview and Level Annotations

Branches:
Dungeon (12/15)            Temple (0/1) D:4            Lair (5/6) D:10
  Swamp (0/4) Lair:4       Spider (0/4) Lair:2          Orc (1/2) D:9
  Slime: Lair:5-6

Altars:
Elyvilon
Vehumet
Xom
Yredelemnul
The Shining One

Shops:
D:10 *

Annotations:
D:5 StormySan's ghost, novice MiBe
D:10 StormySan's ghost, journeyman MiBe
Lair:3 exclusion: hydra
Lair:5 Nessos
Orc:1 Nergalle!, Nergalle


Innate Abilities, Weirdness & Mutations

You reflexively headbutt those who attack you in melee.
You have a pair of horns on your head.
You can translocate small distances at will.
Your magical capacity is low. (-10% MP)
Your system is resistant to poisons. (rPois)


Message History

Press: ? - help, Shift-Dir - straight line, f/p - Nessos
Aim: Nessos, wielding a longbow of flaming and wearing a centaur barding (lightly wounded, fast, poisoned)
You shoot an arrow. The arrow hits Nessos.
Nessos looks as sick as possible!
Nessos is moderately wounded.
Nessos shoots an arrow.
The arrow hits you! The arrow burns you.
You are poisoned.
Nessos shoots an arrow.
The arrow hits you! The arrow burns you.
Firing (i - inventory. (,) - cycle):
p - 189 arrows (quivered)
Press: ? - help, Shift-Dir - straight line, f/p - Nessos
Aim: Nessos, wielding a longbow of flaming and wearing a centaur barding (moderately wounded, fast, poisoned)
You shoot an arrow.
The arrow hits Nessos but does no damage.
Nessos looks as sick as possible!
Nessos is moderately wounded.
You feel sick.
Nessos shoots an arrow.
The arrow hits you!!
* * * LOW HITPOINT WARNING * * *
The arrow burns you.
* * * LOW HITPOINT WARNING * * *
Nessos shoots an arrow.
The arrow hits you!!
You die...

#≈§≈≈≈..§≈## #..≈≈≈# ##.
≈≈###≈§#### # ##.§§§# #.
###.##########. #..≈≈# #####.
...........c..#######..###
#.P... ...... .......##..##..###
#..P.. ..... #(.....†........#
#PP>.. #...# ##..............P#
##.... #.<# ..#.....(.........P#
#..#..
##...##.((.§(..@..(.....###.P.#.
#.Y.......##..P.....###......†.
........( #####..### ##......#
...##.#.c ##..####...†.#..
.....#..#. #...P##P..#.###
#....Yc..# #.....##.#### ###$..
## ......#%.# ##.........
...P......


You could see Nessos.

Vanquished Creatures
  Fannar (Lair:3)
  Harold (Lair:4)
  A catoblepas (Lair:4)
  6 death yaks
  The ghost of SeriousVitamin the Thaumaturge, a journeyman DEFE of Vehumet (Lair:2)
  An unseen horror (D:10)
  3 black mambas
  An elephant (Lair:5)
  Joseph (D:9)
  2 molten gargoyles (Lair:5)
  A torpor snail (Lair:5)
  7 spiny frogs
  A rime drake (Lair:1)
  2 komodo dragons
  A hornet (D:10)
  A polar bear (Lair:3)
  A dream sheep (Lair:4)
  14 blink frogs
  5 hippogriffs
  A shadow (D:11)
  A spriggan (D:9)
  2 wyverns
  26 yaks
  2 basilisks (Lair:4)
  A steam dragon (D:9)
  9 water moccasins
  5 porcupines
  An ice beast (D:10)
  2 orc warriors
  A sky beast (D:9)
  A black bear (D:8)
  An eye of draining (D:12)
  2 necrophages
  3 wolves (Lair:3)
  A phantom (D:4)
  4 ogres
  5 centaurs
  10 crocodiles
  14 bullfrogs
  A wyvern zombie (D:11)
  A wyvern skeleton (D:7)
  A scorpion (D:5)
  9 killer bees (D:8)
  11 wights
  2 electric eels (Lair:3)
  4 howler monkeys (D:11)
  5 lava snakes (Lair:5)
  2 bullfrog zombies
  7 crimson imps
  A centaur zombie (D:5)
  7 hounds
  4 orc priests
  2 bullfrog skeletons
  2 centaur skeletons
  8 orc wizards
  4 worker ants
  6 iguanas
  7 hell rats (Lair:2)
  A hound zombie (D:9)
  2 hound skeletons
  2 worker ant zombies
  3 gnolls (D:9)
  15 adders
  12 river rats
  4 shadow imps
  An ooze (D:7)
  An adder skeleton (D:4)
  4 worms
  2 dart slugs (D:3)
  7 leopard geckos
  42 orcs
  4 giant cockroaches
  9 hobgoblins
  12 jackals
  9 kobolds
  4 quokkas
  A ball python (D:2)
  8 bats
  4 frilled lizards
  7 goblins
  A jackal zombie (D:8)
  A leopard gecko skeleton (D:7)
  A quokka skeleton (D:5)
  23 rats
  A fungus (Lair:5)
  2 plants (D:10)
410 creatures vanquished.

Vanquished Creatures (others)
  A jackal (D:9)
  39 fungi
  13 plants
53 creatures vanquished.

Grand Total: 463 creatures vanquished

Notes
Turn   | Place    | Note
-------+----------+-------------------------------------------
     0 | Abyss:1  | Ladykiller69 the Minotaur Abyssal Knight began the quest for the Orb.
     0 | Abyss:1  | Reached XP level 1. HP: 19/19 MP: 1/1
    48 | Abyss:1  | Found a corrupted altar of Lugonu.
   148 | Abyss:1  | Noticed a small abomination
   169 | Abyss:1  | Noticed a vampire
   191 | Abyss:1  | Noticed a raiju
   198 | D:1      | Escaped the Abyss
   277 | D:1      | Reached * piety under Lugonu
   406 | D:1      | Reached XP level 2. HP: 27/27 MP: 2/2
  1157 | D:2      | Reached skill level 3 in Long Blades
  1285 | D:2      | Reached XP level 3. HP: 29/33 MP: 3/3
  1992 | D:2      | Reached XP level 4. HP: 38/40 MP: 4/4
  2407 | D:3      | Reached skill level 4 in Long Blades
  2425 | D:3      | Found a faded altar of an unknown god.
  2746 | D:3      | Found a white marble altar of Elyvilon.
  2873 | D:3      | Reached ** piety under Lugonu
  2925 | D:3      | Reached XP level 5. HP: 35/46 MP: 4/6
  3072 | D:4      | Found a staircase to the Ecumenical Temple.
  3286 | D:4      | Noticed a phantom
  3303 | D:4      | Killed a phantom
  3303 | D:4      | Reached XP level 6. HP: 29/53 MP: 7/7
  3644 | D:4      | Reached skill level 5 in Long Blades
  4350 | D:5      | Entered Level 5 of the Dungeon
  4394 | D:5      | Noticed StormySan's ghost (novice MiBe)
  5197 | D:5      | Reached XP level 7. HP: 32/60 MP: 8/8
  5330 | D:5      | Reached skill level 5 in Fighting
  5517 | D:5      | HP: 2/61 [StormySan's ghost (9)]
  5944 | D:5      | Reached skill level 6 in Long Blades
  6210 | D:5      | Noticed a yak
  6211 | D:5      | Noticed a yak
  6232 | D:5      | Noticed a yak
  6826 | D:6      | Reached skill level 5 in Armour
  6845 | D:6      | Reached skill level 7 in Long Blades
  6866 | D:6      | Reached XP level 8. HP: 51/68 MP: 10/10
  6904 | D:6      | Reached *** piety under Lugonu
  7585 | D:7      | Reached skill level 8 in Long Blades
  7631 | D:7      | Reached skill level 5 in Invocations
  8121 | D:7      | Reached skill level 5 in Dodging
  8278 | D:8      | Reached skill level 9 in Long Blades
  8492 | D:8      | Reached XP level 9. HP: 69/74 MP: 12/12
  9017 | D:8      | Reached **** piety under Lugonu
  9254 | D:8      | Reached skill level 10 in Long Blades
  9538 | D:9      | Noticed Joseph
  9557 | D:9      | Killed Joseph
  9586 | D:9      | Found a staircase to the Orcish Mines.
  9955 | D:9      | Found a radiant altar of Vehumet.
 10388 | D:9      | Gained mutation: You can translocate small distances at will. [potion of mutation]
 10388 | D:9      | Gained mutation: Your system is resistant to poisons. (rPois) [potion of mutation]
 10388 | D:9      | Gained mutation: Your magical capacity is low. (-10% MP) [potion of mutation]
 10413 | D:9      | Reached skill level 11 in Long Blades
 10507 | D:9      | Reached XP level 10. HP: 76/81 MP: 12/12
 10582 | D:10     | Entered Level 10 of the Dungeon
 10617 | Orc:1    | Entered Level 1 of the Orcish Mines
 10617 | Orc:1    | Noticed Nergalle
 10710 | D:10     | Reached ***** piety under Lugonu
 10991 | D:10     | Found Suguriz's Changing Room.
 11123 | D:10     | Noticed StormySan's ghost (journeyman MiBe)
 11470 | D:10     | Reached skill level 12 in Long Blades
 11530 | D:10     | Found a staircase to the Lair.
 11611 | Lair:1   | Entered Level 1 of the Lair of Beasts
 11923 | Lair:1   | Noticed a spiny frog
 11933 | Lair:1   | Killed a spiny frog
 11990 | Lair:1   | Noticed a spiny frog
 11997 | Lair:1   | Killed a spiny frog
 12617 | Lair:1   | Noticed a black mamba
 13274 | D:10     | Identified a scroll of acquirement
 13275 | D:10     | Got a steaming shortbow
 13276 | D:10     | Identified the +8 shortbow of Zin {venom, rElec rPois MR+} (You acquired it on level 10 of the Dungeon)
 13413 | D:10     | Reached XP level 11. HP: 86/86 MP: 14/14
 13425 | D:10     | Reached skill level 13 in Long Blades
 14199 | D:10     | Killed an unseen horror
 14721 | D:11     | Found a shimmering altar of Xom.
 14723 | D:11     | Found a white marble altar of Elyvilon.
 14723 | D:11     | Found a sacrificial altar of Ru.
 14731 | D:11     | Reached ****** piety under Lugonu
 14733 | D:11     | Found a glowing golden altar of the Shining One.
 14733 | D:11     | Found a basalt altar of Yredelemnul.
 14733 | D:11     | Found a glowing golden altar of the Shining One.
 14908 | D:12     | Noticed a tengu warrior
 15181 | Lair:2   | Noticed SeriousVitamin's ghost (journeyman DEFE)
 15204 | Lair:2   | Killed SeriousVitamin's ghost
 15321 | Lair:2   | Reached skill level 14 in Long Blades
 15654 | Lair:2   | Found a hole to the Spider Nest.
 16221 | Lair:3   | Reached XP level 12. HP: 70/94 MP: 16/16
 16290 | Lair:3   | Noticed Fannar
 16566 | Lair:3   | Reached skill level 15 in Long Blades
 16587 | Lair:3   | Killed Fannar
 16786 | Lair:3   | Noticed an eight-headed hydra
 16908 | Lair:3   | Reached skill level 10 in Dodging
 17193 | Lair:4   | Noticed a catoblepas
 17210 | Lair:4   | Killed a catoblepas
 17354 | Lair:4   | Found a staircase to the Swamp.
 17575 | Lair:4   | Noticed Harold
 17583 | Lair:4   | Killed Harold
 17583 | Lair:4   | Reached skill level 10 in Invocations
 17657 | Lair:5   | Noticed a death yak
 17657 | Lair:5   | Noticed a death yak
 17657 | Lair:5   | Noticed a death yak
 17657 | Lair:5   | Noticed a death yak
 17668 | Lair:4   | Killed a death yak
 17668 | Lair:4   | Reached skill level 16 in Long Blades
 18546 | Lair:5   | Noticed a death yak
 18548 | Lair:5   | Killed a death yak
 18549 | Lair:5   | Noticed a death yak
 18596 | Lair:5   | Killed a death yak
 18613 | Lair:4   | Killed a death yak
 18613 | Lair:4   | Reached XP level 13. HP: 34/100 MP: 17/17
 18927 | Lair:5   | Noticed Nessos
 19074 | Lair:4   | Reached skill level 17 in Long Blades
 19377 | Lair:5   | Shot with an arrow by Nessos

Skill      XL: |  1  2  3  4  5  6  7  8  9 10 11 12 13 |
---------------+----------------------------------------+-----
Long Blades    | 3 4 5 7 9 11 12 14 16 17 | 17.1
Invocations    | 2 3 4 5 6 7 9 10 | 10.8
Armour         | 3 4 5 6 7 9 |  9.1
Fighting       | 4 5 |  5.0
Dodging        | 2 3 4 5 6 8 9 11 | 11.2

Action                   |  1- 3 |  4- 6 |  7- 9 | 10-12 | 13-15 || total
-------------------------+-------+-------+-------+-------+-------++-------
Melee: Falchion          |    98 |   236 |   159 |       |       ||   493
       Headbutt          |    15 |    45 |    66 |   150 |    13 ||   289
       Scimitar          |       |       |   139 |   625 |    34 ||   798
 Fire: Shortbow          |       |       |    62 |   227 |    23 ||   312
Throw: Tomahawk          |       |       |     7 |    12 |     2 ||    21
       Stone             |       |       |     2 |       |       ||     2
Invok: Depart the Abyss  |     1 |       |       |       |       ||     1
       Bend Space        |       |       |       |     2 |       ||     2
 Abil: Blink             |       |       |     1 |     1 |       ||     2
       Evoke Berserk Rag |       |       |       |     1 |       ||     1
  Use: Potion            |       |     3 |     2 |       |       ||     5
       Scroll            |       |       |    10 |    17 |     1 ||    28
 Stab: Sleeping          |       |       |     1 |       |       ||     1
  Eat: Chunk             |     3 |    11 |    10 |    16 |       ||    40
       Beef jerky        |       |       |     1 |     2 |       ||     3
       Meat ration       |       |       |     1 |     1 |       ||     2
       Pizza             |       |       |       |     4 |       ||     4
Armor: Leather armour    |     5 |       |       |       |       ||     5
       Ring mail         |    40 |    46 |       |       |       ||    86
       Chain mail        |       |    55 |   134 |       |       ||   189
       Steam dragon scal |       |       |     3 |   113 |       ||   116
Dodge: Dodged            |    63 |    91 |   148 |   374 |    25 ||   701
       Rpst.: Falchion   |    16 |    31 |    28 |       |       ||    75
       Scimitar          |       |       |    18 |   104 |     8 ||   130
